[Event "Titled Tuesday Blitz March 22 Late 2022"]
[White "Pesotskiy, Mikhail"]
[Black "Spata, German"]
[WhiteFideId "34164453"]
[BlackFideId "113026"]
[WhiteElo "2010"]
[BlackElo "2238"]
[Result "1/2-1/2"]
[Round "08"]
[TimeControl "180+1"]
[Date "2022.03.22"]
[WhiteClock "0:00:04"]
[BlackClock "0:00:08"]

1. c4 e6 2. g3 Nf6 3. Bg2 d5 4. Nf3 Be7 5. O-O O-O 6. b3 c6 7. Bb2 b6 8. d3 Bb7 9. Nbd2 c5 10. cxd5 Nxd5 11. d4 Bf6 12. Ne4 Be7 13. dxc5 bxc5 14. Rc1 Ne3 15. Qxd8 Rxd8 16. fxe3 Bxe4 17. Ne5 Bxg2 18. Kxg2 f6 19. Nd3 Nd7 20. Rc2 a5 21. Rfc1 a4 22. e4 axb3 23. axb3 Rdb8 24. Rc3 Ra2 25. Kf3 c4 26. Rxc4 Rxb3 27. R4c2 Ne5+ 28. Bxe5 Rxc2 29. Rxc2 fxe5 30. Kg2 Bf6 31. Rc7 h6 32. Kf3 Rb1 33. Kg2 Ra1 34. Kf3 Kh7 35. Kg2 Ra2 36. Kf3 Kg6 37. Nc5 Ra3+ 38. Kg2 Ra2 39. Kf3 Ra3+ 40. Kg2 Ra2 41. Kf2 Bd8 42. Rc6 Kf7 43. Nxe6 Be7 44. Kf3 Ra3+ 45. Kf2 Ra2 46. Kf3 Ra3+ 47. Kf2 Ra2 1/2-1/2


[Site "https://www.chess.com"]

[Event "Titled Tuesday Blitz March 22 Late 2022"]
[White "Piesik, Piotr"]
[Black "Bernal Moro, Luis Javier"]
[WhiteFideId "1136194"]
[BlackFideId "2200236"]
[WhiteElo "2190"]
[BlackElo "2373"]
[Result "1-0"]
[Round "08"]
[TimeControl "180+1"]
[Date "2022.03.22"]
[WhiteClock "0:00:40"]
[BlackClock "0:00:03"]

1. Nf3 c5 2. g3 Nc6 3. Bg2 e5 4. O-O d5 5. d3 Be7 6. Nbd2 Nf6 7. e4 O-O 8. c3 Qc7 9. Re1 Rd8 10. exd5 Nxd5 11. Nc4 f6 12. a4 Bg4 13. Qb3 Kh8 14. Nfd2 Nb6 15. Ne3 Bh5 16. a5 Nc8 17. Nd5 Qd7 18. a6 b6 19. Qa4 Be8 20. Nc4 Rb8 21. Nce3 b5 22. Qh4 Bf7 23. Be4 Bg8 24. Nxe7 N8xe7 25. Rd1 f5 26. Bg2 Ng6 27. Qh5 Be6 28. Nxf5 Bxf5 29. Bxc6 Bg4 30. Bxd7 Bxh5 31. g4 Rxd7 32. gxh5 Nh4 33. Be3 Rc8 34. Ra5 c4 35. Rxb5 Rxd3 36. Rxd3 cxd3 37. Kf1 Nf3 38. Rd5 e4 39. Bxa7 Ra8 40. Bb6 h6 41. Rd8+ 1-0


[Site "https://www.chess.com"]

[Event "Titled Tuesday Blitz March 22 Late 2022"]
[White "Rastbod, Ali"]
[Black "Pinheiro, Iung Alicio de O."]
[WhiteFideId "12567477"]
[BlackFideId "2104350"]
[WhiteElo "2200"]
[BlackElo "2547"]
[Result "1-0"]
[Round "08"]
[TimeControl "180+1"]
[Date "2022.03.22"]
[WhiteClock "0:00:09"]
[BlackClock "0:00:05"]

1. d4 Nf6 2. c4 g6 3. g3 Bg7 4. Bg2 d5 5. Qa4+ Bd7 6. Qb3 Bc6 7. Nf3 dxc4 8. Qxc4 O-O 9. O-O Nbd7 10. Rd1 Nb6 11. Qb3 Bd5 12. Qa3 Ne4 13. Ne5 Nf6 14. f3 Nc4 15. Nxc4 Bxc4 16. e4 c6 17. Nc3 Nd7 18. Be3 a5 19. b3 Ba6 20. Rac1 e6 21. Na4 Re8 22. Nc5 Nxc5 23. dxc5 Qc7 24. Rd6 Be5 25. f4 Bxd6 26. cxd6 Qd8 27. e5 f5 28. Qc5 Bd3 29. Qd4 Be4 30. Bxe4 fxe4 31. Qxe4 Qd7 32. a4 Rf8 33. Kg2 Rf5 34. g4 Rf7 35. h4 Raf8 36. Kg3 Qd8 37. Rc4 Kh8 38. Qd3 Rg8 39. Re4 h5 40. g5 Rd7 41. b4 axb4 42. Rxb4 Qf8 43. a5 Qf7 44. Rb6 Ra8 45. a6 Rxa6 46. Rxa6 bxa6 47. Qxa6 Kg7 48. Qxc6 Rb7 49. Qe4 Rb5 50. Bd4 Rd5 51. Bc3 Qf5 52. Qxf5 gxf5 53. Kf2 Rd3 54. Ba5 Kf7 55. Ke2 Rd5 56. Bb6 Kg6 57. Ke3 Kf7 58. Bd4 Kg6 59. Kd3 Kf7 60. Kc4 Kg6 61. Bc5 Kf7 62. Kb5 Ke8 63. Kc6 Rd1 64. Kc7 Rd5 65. Bb6 Rd1 66. Kc6 Rc1+ 67. Bc5 Rd1 68. g6 Rg1 69. d7+ Kd8 70. Bb6+ Ke7 71. d8=Q# 1-0


[Site "https://www.chess.com"]

[Event "Titled Tuesday Blitz March 22 Late 2022"]
[White "Reprintsev, Alexander"]
[Black "Arabidze, Meri"]
[WhiteFideId "14100541"]
[BlackFideId "13604040"]
[WhiteElo "2108"]
[BlackElo "2335"]
[Result "1-0"]
[Round "08"]
[TimeControl "180+1"]
[Date "2022.03.22"]
[WhiteClock "0:01:04"]
[BlackClock "0:00:03"]

1. e4 c5 2. b3 e5 3. Bb2 Nc6 4. f4 d6 5. Qf3 Nf6 6. Bb5 Bd7 7. Ne2 Nd4 8. Bxd7+ Qxd7 9. Nxd4 cxd4 10. c3 dxc3 11. Nxc3 Be7 12. O-O-O O-O 13. d4 exf4 14. Qxf4 Qg4 15. g3 Rac8 16. Kb1 Qxf4 17. gxf4 Rxc3 18. Bxc3 Nxe4 19. Bb4 Nf2 20. Rhe1 Nxd1 21. Rxe7 Nf2 22. Rxb7 Re8 23. Rxa7 h5 24. Bxd6 Re1+ 25. Kc2 Ne4 26. Re7 h4 27. f5 h3 28. a4 g6 29. fxg6 f5 30. Be5 Re2+ 31. Kd3 Rd2+ 32. Kc4 Rc2+ 33. Kd5 Rc8 34. Rh7 Rd8+ 35. Kc6 Rc8+ 36. Kb7 1-0


[Site "https://www.chess.com"]

[Event "Titled Tuesday Blitz March 22 Late 2022"]
[White "Rolfe, Warrick"]
[Black "Almagro Mazariegos, Sebastian"]
[WhiteFideId "2603802"]
[BlackFideId "2221640"]
[WhiteElo "2569"]
[BlackElo "2273"]
[Result "1-0"]
[Round "08"]
[TimeControl "180+1"]
[Date "2022.03.22"]
[WhiteClock "0:02:29"]
[BlackClock "0:01:58"]

1. e4 c5 2. Nc3 d6 3. Bc4 Nc6 4. f4 Nf6 5. Nf3 g6 6. O-O Bg7 7. d3 O-O 8. a3 Nd4 9. Ba2 Bg4 10. Ne2 Bxf3 11. gxf3 Nh5 12. c3 Nxe2+ 13. Qxe2 e6 14. Qg2 b5 15. Kh1 a5 16. f5 Qf6 17. Bg5 Qe5 18. f4 1-0


[Site "https://www.chess.com"]

[Event "Titled Tuesday Blitz March 22 Late 2022"]
[White "Romero Ruscalleda, Josep"]
[Black "Sanchez Alvares, Kelvin Antonio"]
[WhiteFideId "2231859"]
[BlackFideId "3906680"]
[WhiteElo "2272"]
[BlackElo "2193"]
[Result "0-1"]
[Round "08"]
[TimeControl "180+1"]
[Date "2022.03.22"]
[WhiteClock "0:02:13"]
[BlackClock "0:02:14"]

1. e4 e5 2. Nf3 Nc6 3. Bc4 Bc5 4. c3 Nf6 5. b4 Bb6 6. d3 d6 7. a4 a5 8. b5 Ne7 9. Qb3 O-O 10. Ng5 d5 11. exd5 Nexd5 12. O-O h6 13. Ne4 Nxe4 14. dxe4 Nf6 15. Nd2 Qe7 16. h3 Bc5 17. Nf3 Nxe4 18. Qc2 Nd6 19. Re1 Nxc4 0-1


[Site "https://www.chess.com"]

[Event "Titled Tuesday Blitz March 22 Late 2022"]
[White "Rosenberg, Evan S"]
[Black "Ozates, Tuna"]
[WhiteFideId "2019299"]
[BlackFideId "6354521"]
[WhiteElo "2347"]
[BlackElo "1887"]
[Result "0-1"]
[Round "08"]
[TimeControl "180+1"]
[Date "2022.03.22"]
[WhiteClock "0:00:04"]
[BlackClock "0:00:11"]

1. d4 f5 2. g3 Nf6 3. Bg2 e6 4. Nh3 Be7 5. c4 d6 6. Nc3 O-O 7. d5 e5 8. Ng5 c6 9. h4 h6 10. Ne6 Bxe6 11. dxe6 Qc8 12. Qb3 Na6 13. Na4 Rb8 14. Be3 b6 15. Rd1 e4 16. Bf4 Qxe6 17. c5 Qxb3 18. axb3 Nxc5 19. Nxc5 bxc5 20. Bxd6 Bxd6 21. Rxd6 Rxb3 22. O-O Rxb2 23. e3 Ng4 24. Rxc6 Rc2 25. h5 Rd8 26. Rg6 Rdd2 27. Bxe4 fxe4 28. Rxg4 c4 29. Rf4 c3 30. Rxe4 Rb2 31. Rc4 c2 32. Kg2 a5 33. Rc1 a4 34. Ra1 a3 35. Rxa3 Rxf2+ 36. Kh3 Rb1 37. Rac3 Rc1 38. Kg4 Rd2 39. Rc8+ Kh7 40. e4 Re1 41. Kf4 Rf2+ 42. Ke5 Rfe2 43. Rxc2 Rxe4+ 44. Kf5 Re5+ 45. Kf4 R1e4+ 46. Kf3 Re3+ 47. Kf2 Rd3 48. R2c5 Ree3 49. R8c7 Rxg3 50. Re5 Rdf3+ 51. Ke2 Rf6 52. Ree7 Rf5 53. Re6 Rxh5 54. Re8 Rh2+ 55. Kf1 Ra3 56. Ree7 Ra1+ 57. Re1 Rh1+ 58. Kg2 Rhxe1 59. Rf7 Rad1 60. Rf2 Re6 61. Rf4 Rdd6 62. Rh4 Rf6 63. Kg3 Rg6+ 64. Kh2 Rd5 65. Re4 Rh5+ 66. Rh4 Rxh4# 0-1


[Site "https://www.chess.com"]

[Event "Titled Tuesday Blitz March 22 Late 2022"]
[White "Rustemov, Alexander"]
[Black "Msellek, Ilyass"]
[WhiteFideId "4119002"]
[BlackFideId "675938"]
[WhiteElo "2781"]
[BlackElo "2219"]
[Result "1-0"]
[Round "08"]
[TimeControl "180+1"]
[Date "2022.03.22"]
[WhiteClock "0:01:24"]
[BlackClock "0:01:47"]

1. d4 d6 2. e4 Nf6 3. f3 e5 4. Ne2 Nc6 5. d5 Ne7 6. c4 h5 7. h4 Ng6 8. Nbc3 c5 9. dxc6 bxc6 10. Be3 Be6 11. Qa4 Nd7 12. O-O-O Nb6 13. Qxc6+ Bd7 14. Qb7 Bc8 15. Bxb6 Bxb7 16. Bxd8 Rxd8 17. Nd5 Be7 18. g3 O-O 19. Nec3 f5 20. exf5 Rxf5 21. Bd3 Bc8 22. Bxf5 Bxf5 23. Ne4 Bf8 24. b3 Nh8 25. Ng5 g6 26. Rhe1 Bh6 27. Ne7+ Kf8 28. Nxf5 gxf5 29. Rxe5 Nf7 30. Rxf5 Bxg5+ 31. hxg5 Kg7 32. f4 Nh8 33. Re1 Ng6 34. Rf6 1-0


[Site "https://www.chess.com"]

[Event "Titled Tuesday Blitz March 22 Late 2022"]
[White "Sanal, Vahap"]
[Black "Moussard, Jules"]
[WhiteFideId "6300545"]
[BlackFideId "642908"]
[WhiteElo "2603"]
[BlackElo "2557"]
[Result "1-0"]
[Round "08"]
[TimeControl "180+1"]
[Date "2022.03.22"]
[WhiteClock "0:01:03"]
[BlackClock "0:00:59"]

1. e4 e5 2. Nf3 Nf6 3. Nxe5 d6 4. Nf3 Nxe4 5. d4 d5 6. Bd3 Bb4+ 7. c3 Bd6 8. O-O O-O 9. c4 c6 10. Nc3 Nxc3 11. bxc3 dxc4 12. Bxc4 Bf5 13. Bg5 Qa5 14. d5 Qc5 15. Bb3 cxd5 16. Bxd5 Nc6 17. c4 Na5 18. Be3 Qc7 19. Nd4 Bd7 20. Qh5 Rae8 21. Rac1 Re5 22. Qf3 b6 23. Rfd1 Ree8 24. Nb5 Bxb5 25. cxb5 Qe7 26. g3 h6 27. Kg2 Be5 28. h4 Rd8 29. Qe4 Qf6 30. g4 Rfe8 31. g5 hxg5 32. hxg5 Qe7 33. Rh1 Bh2 34. Qf3 Qd7 35. Rcd1 Be5 36. g6 Re6 37. Bxe6 fxe6 38. Qf7+ 1-0


[Site "https://www.chess.com"]

[Event "Titled Tuesday Blitz March 22 Late 2022"]
[White "Sarana, Alexey"]
[Black "Fedoseev, Vladimir"]
[WhiteFideId "24133795"]
[BlackFideId "24130737"]
[WhiteElo "2666"]
[BlackElo "2726"]
[Result "0-1"]
[Round "08"]
[TimeControl "180+1"]
[Date "2022.03.22"]
[WhiteClock "0:00:24"]
[BlackClock "0:01:18"]

1. d4 Nf6 2. c4 g6 3. Nc3 d5 4. cxd5 Nxd5 5. e4 Nxc3 6. bxc3 Bg7 7. Bc4 c5 8. Ne2 O-O 9. Be3 Nc6 10. Rc1 Na5 11. Bd3 e5 12. dxe5 Qc7 13. f4 Rd8 14. c4 Be6 15. Qc2 Qd7 16. Rd1 Nxc4 17. Bxc5 Rac8 18. Bxc4 Qxd1+ 19. Qxd1 Rxd1+ 20. Kxd1 Bxc4 21. Bxa7 Ra8 22. Bc5 Rxa2 23. Re1 Bb3+ 24. Kc1 Rc2+ 25. Kb1 Rxc5 26. Nd4 Bc4 27. Kb2 Ra5 28. Kc3 b5 29. Kb4 Ra2 30. Nxb5 Bxb5 31. Kxb5 Rxg2 32. h3 Rf2 33. f5 gxf5 34. exf5 Rxf5 0-1


[Site "https://www.chess.com"]

[Event "Titled Tuesday Blitz March 22 Late 2022"]
[White "Simonovic, Miroslav"]
[Black "Ortez, Andrea"]
[WhiteFideId "919152"]
[BlackFideId "6702392"]
[WhiteElo "2043"]
[BlackElo "1696"]
[Result "0-1"]
[Round "08"]
[TimeControl "180+1"]
[Date "2022.03.22"]
[WhiteClock "0:00:10"]
[BlackClock "0:00:12"]

1. d4 d5 2. Bg5 h6 3. Bh4 Nf6 4. Bxf6 exf6 5. e3 c6 6. c4 Bd6 7. cxd5 cxd5 8. a3 Nc6 9. Nc3 Be6 10. g3 O-O 11. Bg2 Bc7 12. Nge2 Qd7 13. O-O Ba5 14. b4 Bc7 15. Rc1 a6 16. Na4 b5 17. Nc5 Qe7 18. Qc2 Nd8 19. Nxe6 Nxe6 20. Bxd5 Rac8 21. Bb7 Rb8 22. Qc6 Bd6 23. Bxa6 Nd8 24. Qd5 Ne6 25. Nc3 Rfd8 26. Qc6 Ng5 27. Bxb5 f5 28. Be2 Nh3+ 29. Kg2 Ng5 30. h4 Ne4 31. Nxe4 fxe4 32. Bg4 g6 33. Qc4 Kg7 34. f4 f5 35. Be2 Ra8 36. Qb3 Qa7 37. Rc3 Rdc8 38. Rfc1 Rxc3 39. Rxc3 Qe7 40. Qd5 Rd8 41. Qc6 Rd7 42. Bb5 Rc7 43. d5 Rxc6 44. dxc6 Bc7 45. Ba4 Qd6 46. Kf2 Qd2+ 47. Kg1 Qxc3 48. b5 Qxa3 49. Kh2 Qxa4 50. h5 gxh5 51. Kh3 Qxb5 52. g4 hxg4+ 53. Kh4 Qxc6 54. Kg3 Qf6 55. Kg2 Qh4 56. Kf1 Qh2 57. Ke1 g3 0-1


[Site "https://www.chess.com"]

[Event "Titled Tuesday Blitz March 22 Late 2022"]
[White "Sochacki, Christophe"]
[Black "Rosen, Eric"]
[WhiteFideId "662569"]
[BlackFideId "2032562"]
[WhiteElo "2480"]
[BlackElo "2362"]
[Result "1-0"]
[Round "08"]
[TimeControl "180+1"]
[Date "2022.03.22"]
[WhiteClock "0:00:14"]
[BlackClock "0:00:01"]

1. e4 c5 2. Nf3 d6 3. Bb5+ Bd7 4. Bxd7+ Qxd7 5. O-O Nf6 6. Re1 Nc6 7. c3 e6 8. d4 cxd4 9. cxd4 d5 10. e5 Ne4 11. Nc3 Nxc3 12. bxc3 Be7 13. h4 O-O 14. Qd3 Rfc8 15. h5 Na5 16. h6 g6 17. Bg5 Rc7 18. Rac1 Rac8 19. Qe3 b5 20. Nh2 Bxg5 21. Qxg5 Qd8 22. Qe3 Qh4 23. g3 Qh3 24. Qf4 Qf5 25. Qe3 Nc4 26. Qe2 Qh3 27. Ng4 Kh8 28. Qf3 f5 29. exf6 Nd2 30. Qf4 Rf7 31. Ne5 Ne4 32. Nxf7+ Kg8 33. Ng5 Rf8 34. Nxe4 dxe4 35. Rxe4 Qh5 36. Rce1 Qd5 37. Rxe6 Qxa2 38. Re7 b4 39. f7+ Rxf7 40. Re8+ Rf8 41. Qxf8# 1-0


[Site "https://www.chess.com"]

[Event "Titled Tuesday Blitz March 22 Late 2022"]
[White "Stanisz, Patryk"]
[Black "Hartikainen, Jarmo"]
[WhiteFideId "1123106"]
[BlackFideId "503134"]
[WhiteElo "1876"]
[BlackElo "2096"]
[Result "1-0"]
[Round "08"]
[TimeControl "180+1"]
[Date "2022.03.22"]
[WhiteClock "0:00:16"]
[BlackClock "0:00:19"]

1. Nf3 Nf6 2. c4 g6 3. Nc3 Bg7 4. e4 c5 5. d4 cxd4 6. Nxd4 Nc6 7. Be3 O-O 8. Be2 a6 9. O-O d6 10. f3 Bd7 11. Qd2 Rc8 12. Rac1 Ne5 13. b3 Re8 14. Rfd1 Bc6 15. a4 Qa5 16. Bf1 h5 17. Qf2 Kh7 18. Qd2 Qc7 19. Nc2 b6 20. Nb4 Bb7 21. Nbd5 Nxd5 22. Nxd5 Bxd5 23. cxd5 Qb7 24. Qb4 Rxc1 25. Rxc1 Rb8 26. h3 Nd7 27. Rc6 Nc5 28. Qc4 b5 29. axb5 axb5 30. Qb4 Na6 31. Qa5 Nc5 32. Rc7 Qb6 33. Qxb6 Rxb6 34. b4 Na6 35. Bxb6 Nxc7 36. Bxc7 1-0


[Site "https://www.chess.com"]

[Event "Titled Tuesday Blitz March 22 Late 2022"]
[White "Svane, Rasmus"]
[Black "Costachi, Mihnea"]
[WhiteFideId "4657101"]
[BlackFideId "1217518"]
[WhiteElo "2645"]
[BlackElo "2464"]
[Result "1-0"]
[Round "08"]
[TimeControl "180+1"]
[Date "2022.03.22"]
[WhiteClock "0:00:21"]
[BlackClock "0:00:03"]

1. Nf3 Nf6 2. g3 d5 3. Bg2 g6 4. O-O Bg7 5. d4 O-O 6. c4 c6 7. Qb3 a5 8. Rd1 a4 9. Qb4 dxc4 10. Qxc4 Be6 11. Qb4 Bd5 12. Qe1 Ne4 13. Nc3 a3 14. bxa3 Nd7 15. Rb1 Nb6 16. Nxd5 cxd5 17. Qb4 Nc4 18. Ne5 Ncd6 19. Nd3 b6 20. Bf4 Rc8 21. Bxd6 exd6 22. Rdc1 Qf6 23. e3 Qf5 24. Nf4 Rxc1+ 25. Rxc1 g5 26. Bh3 Qf6 27. Nd3 Qf3 28. Qb2 Ra8 29. Bg2 Qf5 30. Qxb6 Bf8 31. Qb3 Ra5 32. Rc2 h5 33. h3 Kg7 34. Nb4 g4 35. h4 Kh7 36. Qd3 Kg8 37. Nxd5 Nxg3 38. e4 Qg6 39. fxg3 Rxd5 40. Rc8 Ra5 41. Qb3 Qe6 42. Qb8 Qe7 43. Re8 Rb5 44. Rxf8+ Qxf8 45. Qxb5 Qe8 46. Qxh5 Qa4 47. Qxg4+ Kf8 48. Qc8+ Kg7 49. Qc3 Qd1+ 50. Kh2 Qe1 51. Qxe1 1-0


[Site "https://www.chess.com"]

[Event "Titled Tuesday Blitz March 22 Late 2022"]
[White "Swicarz, Maciej"]
[Black "Oro, Luis"]
[WhiteFideId "1113585"]
[BlackFideId "104094"]
[WhiteElo "2057"]
[BlackElo "2333"]
[Result "1-0"]
[Round "08"]
[TimeControl "180+1"]
[Date "2022.03.22"]
[WhiteClock "0:00:26"]
[BlackClock "0:00:14"]

1. c4 Nf6 2. Nc3 g6 3. e4 d6 4. d4 Bg7 5. Nge2 O-O 6. Ng3 e5 7. d5 a5 8. Be2 Nbd7 9. h4 h5 10. Bg5 Nc5 11. Bxh5 gxh5 12. Nxh5 Ncd7 13. Rh3 Qe8 14. Nxg7 Kxg7 15. Rg3 Nh7 16. Nb5 Nc5 17. Qf3 f5 18. Nxc7 Qf7 19. Nxa8 Nxe4 20. Nb6 Nxg3 21. Qxg3 Kh8 22. O-O-O f4 23. Qc3 Bg4 24. f3 Bh5 25. Qxa5 Rg8 26. Qa3 Nxg5 27. hxg5 Rxg5 28. Qxd6 Qg7 29. Rh1 Kg8 30. Nd7 Kf7 31. Qe6# 1-0


[Site "https://www.chess.com"]

[Event "Titled Tuesday Blitz March 22 Late 2022"]
[White "Taboas Rodriguez, Daniel"]
[Black "Martin Carmona, Gaston Manuel"]
[WhiteFideId "2208466"]
[BlackFideId "22284567"]
[WhiteElo "2629"]
[BlackElo "2506"]
[Result "1-0"]
[Round "08"]
[TimeControl "180+1"]
[Date "2022.03.22"]
[WhiteClock "0:01:42"]
[BlackClock "0:00:04"]

1. d4 Nf6 2. Nf3 g6 3. c4 Bg7 4. Nc3 O-O 5. e4 d6 6. Be2 e5 7. dxe5 dxe5 8. Qxd8 Rxd8 9. Bg5 Re8 10. Nd5 Nxd5 11. cxd5 c6 12. Bc4 cxd5 13. Bxd5 Nd7 14. Nd2 Nf6 15. Bxf6 Bxf6 16. Ke2 Be6 17. Bxe6 fxe6 18. Nf3 Rac8 19. Rac1 Red8 20. Rhd1 b6 21. Rxd8+ Rxd8 22. Rc7 a5 23. Rc6 Kg7 24. Rxe6 Rc8 25. Rxb6 Rc2+ 26. Ke1 Be7 27. a3 Bc5 28. Rb5 Bxf2+ 29. Kd1 Rc4 30. Rxe5 a4 31. Kd2 Rc7 32. Ra5 Rb7 33. Kc2 Rc7+ 34. Kb1 Rd7 35. Rxa4 Rd1+ 36. Kc2 Rf1 37. Kb3 Be3 38. Rc4 Rf2 39. Rc2 Rf1 40. a4 Ba7 41. Ka2 Bb6 42. b4 Rd1 43. a5 Bd8 44. Kb3 Rd7 45. Rd2 g5 46. Rxd7+ 1-0


[Site "https://www.chess.com"]

[Event "Titled Tuesday Blitz March 22 Late 2022"]
[White "Taichman, Ori"]
[Black "Fieberg, Samuel"]
[WhiteFideId "2804069"]
[BlackFideId "12901717"]
[WhiteElo "2227"]
[BlackElo "2467"]
[Result "1-0"]
[Round "08"]
[TimeControl "180+1"]
[Date "2022.03.22"]
[WhiteClock "0:00:12"]
[BlackClock "0:00:15"]

1. e4 e5 2. d4 exd4 3. Qxd4 Nc6 4. Qe3 g6 5. Nc3 Bg7 6. Bd2 d6 7. O-O-O Be6 8. f4 Nge7 9. Nh3 h6 10. Nf2 Qd7 11. Kb1 O-O-O 12. g4 Bd4 13. Qf3 Bxf2 14. Qxf2 Bxg4 15. Re1 Kb8 16. f5 gxf5 17. h3 Bh5 18. Nd5 fxe4 19. Nf6 Qe6 20. Nxh5 f5 21. Nf4 Qf7 22. Rg1 d5 23. c3 Rhg8 24. Be2 Rxg1 25. Rxg1 d4 26. Bh5 Qc4 27. cxd4 Nxd4 28. Rc1 Qa4 29. Be3 Nec6 30. Ne2 Nxe2 31. Bxe2 Nb4 32. a3 Nd3 33. Bxd3 exd3 34. Bf4 Rd7 35. Qe3 Qe4 36. Qxe4 fxe4 37. Bxh6 b6 38. h4 c5 39. Re1 Re7 40. Kc1 Kb7 41. Bg5 Re5 42. Kd2 Kc6 43. Rg1 a5 44. Ke3 Kd5 45. h5 Re7 46. h6 Rh7 47. Bf4 b5 48. Rg7 Rh8 49. h7 b4 50. axb4 axb4 51. Re7 c4 52. Be5 Rxh7 53. Rxh7 Kxe5 54. Rh5+ Kd6 55. Rh4 c3 56. bxc3 bxc3 57. Rxe4 d2 58. Rd4+ Kc5 59. Rd8 Kb4 60. Ke2 Kb3 61. Kd1 Kb2 62. Rc8 Kb3 63. Rb8+ Kc4 64. Kc2 Kd4 65. Rd8+ Ke3 66. Kxc3 Ke2 67. Kc2 d1=Q+ 68. Rxd1 Ke3 69. Rd2 Ke4 70. Rd3 Ke5 71. Kc3 Ke4 72. Kd2 Kf4 73. Re3 Kf5 74. Kd3 Kf4 75. Ke2 Kg4 76. Kf2 Kg5 77. Re4 Kf5 78. Kf3 1-0


[Site "https://www.chess.com"]

[Event "Titled Tuesday Blitz March 22 Late 2022"]
[White "Tari, Aryan"]
[Black "Donchenko, Alexander"]
[WhiteFideId "1510045"]
[BlackFideId "24603295"]
[WhiteElo "2567"]
[BlackElo "2539"]
[Result "1-0"]
[Round "08"]
[TimeControl "180+1"]
[Date "2022.03.22"]
[WhiteClock "0:00:08"]
[BlackClock "0:00:01"]

1. e4 c5 2. Nc3 d6 3. f4 g6 4. Nf3 Bg7 5. Bb5+ Bd7 6. Bc4 Nc6 7. d3 e6 8. f5 Nf6 9. fxe6 fxe6 10. O-O Qe7 11. e5 dxe5 12. Bg5 h6 13. Bxf6 Bxf6 14. Qd2 O-O-O 15. Ne4 Bg7 16. Qf2 Nd4 17. c3 Nxf3+ 18. Qxf3 Rhf8 19. Qe3 b6 20. Rxf8 Rxf8 21. a4 Bc6 22. a5 Kb7 23. h3 Rd8 24. axb6 axb6 25. Rb1 Qh4 26. g3 Qxh3 27. b4 Bxe4 28. Qxe4+ Kc7 29. Qe3 Bf8 30. Ra1 Bd6 31. Qf3 e4 32. Qf7+ Rd7 33. Ra7+ Kb8 34. Qe8+ Kxa7 35. Qxd7+ Ka8 36. Qxd6 exd3 37. Bb5 1-0


[Site "https://www.chess.com"]

[Event "Titled Tuesday Blitz March 22 Late 2022"]
[White "Thavandiran, Shiyam"]
[Black "Ezat, Mohamed"]
[WhiteFideId "2605058"]
[BlackFideId "10600906"]
[WhiteElo "2357"]
[BlackElo "2386"]
[Result "1-0"]
[Round "08"]
[TimeControl "180+1"]
[Date "2022.03.22"]
[WhiteClock "0:00:06"]
[BlackClock "0:00:01"]

1. e4 c6 2. d4 d5 3. Nd2 dxe4 4. Nxe4 Bf5 5. Nc5 e5 6. Nxb7 Qb6 7. Nc5 exd4 8. Nb3 Bb4+ 9. Bd2 Bxd2+ 10. Qxd2 c5 11. Bd3 Bxd3 12. cxd3 Nf6 13. Ne2 O-O 14. O-O Nbd7 15. Ng3 Rfe8 16. Rfe1 h6 17. Nf5 Ne5 18. Rac1 Rac8 19. f4 Ng6 20. Rxe8+ Rxe8 21. Nxc5 Nd5 22. g3 Qf6 23. Ne4 Qxf5 24. Nd6 Qd7 25. Nxe8 Qxe8 26. Re1 Ne3 27. b4 Qc6 28. Rc1 Qd5 29. a4 h5 30. Rc8+ Kh7 31. Qe2 Ng4 32. Rc5 Qd7 33. Rxh5+ Kg8 34. Rc5 Ne3 35. b5 Ne7 36. Rc1 N7d5 37. Qf3 Nc3 38. Qa8+ Kh7 39. Qf3 g6 40. f5 Nxf5 41. Qc6 Qe7 42. Qf3 Qa3 43. Rf1 Qb2 44. g4 Ne2+ 45. Kh1 Nh6 46. Qh3 Qd2 47. Rxf7+ Kg8 48. Rf1 Nf4 49. Qf3 g5 50. Qa8+ Kg7 51. Qxa7+ Nf7 52. Qb7 Qxd3 53. Qf3 Qd2 54. h4 Ne5 55. Qb7+ Kh6 56. hxg5+ Kxg5 57. Qg7+ Nfg6 58. Qf6+ Kxg4 59. Qf5+ Kg3 60. Rg1+ Kh4 61. Qf6+ Kh3 62. Qf5+ Kh4 63. Qe4+ Kh5 64. Qg2 Kh6 65. Qxd2+ Kg7 66. Qh2 Nf3 67. Qc7+ 1-0


[Site "https://www.chess.com"]

[Event "Titled Tuesday Blitz March 22 Late 2022"]
[White "Thomas, Anysia"]
[Black "Tan, Jun Ying"]
[WhiteFideId "670472"]
[BlackFideId "5710413"]
[WhiteElo "2002"]
[BlackElo "1827"]
[Result "0-1"]
[Round "08"]
[TimeControl "180+1"]
[Date "2022.03.22"]
[WhiteClock "0:00:09"]
[BlackClock "0:00:04"]

1. d4 Nf6 2. c4 c5 3. d5 e6 4. Nc3 exd5 5. cxd5 d6 6. Nf3 g6 7. g3 Bg7 8. Bg2 O-O 9. O-O Re8 10. Bf4 Bf5 11. Bg5 h6 12. Bxf6 Qxf6 13. Nd2 h5 14. Nc4 Na6 15. a4 Nb4 16. Rc1 Qe7 17. Qd2 b6 18. Nb5 Rad8 19. Rfe1 a6 20. Nc3 Rb8 21. e4 Bd7 22. e5 dxe5 23. d6 Qd8 24. Nd5 Nxd5 25. Bxd5 Bxa4 26. Qd3 Qf6 27. f4 exf4 28. Rxe8+ Bxe8 29. gxf4 Qxf4 30. Rf1 Qd4+ 31. Qxd4 Bxd4+ 32. Kg2 b5 33. Nd2 Rd8 34. Ne4 Kg7 35. h4 f5 36. Ng5 Rxd6 37. Bb3 Bc6+ 38. Kg3 c4 39. Bd1 Be5+ 40. Kh3 Rd3+ 41. Nf3 Kf6 42. Kg2 Bxb2 43. Kg1 Be5 44. Be2 Bd4+ 45. Kg2 Rxf3 46. Kh2 Rxf1 47. Kh3 Be4 48. Bxf1 c3 49. Kh2 c2 50. Kh3 c1=Q 51. Bg2 Qe3+ 52. Bf3 Qxf3+ 53. Kh2 Qg2# 0-1


[Site "https://www.chess.com"]

[Event "Titled Tuesday Blitz March 22 Late 2022"]
[White "Van den Dikkenberg, Erik"]
[Black "Fiol, Fabrice"]
[WhiteFideId "1005880"]
[BlackFideId "611670"]
[WhiteElo "2118"]
[BlackElo "2423"]
[Result "1-0"]
[Round "08"]
[TimeControl "180+1"]
[Date "2022.03.22"]
[WhiteClock "0:01:18"]
[BlackClock "0:01:26"]

1. e4 c5 2. Nc3 a6 3. g3 b5 4. Bg2 Bb7 5. Nh3 e6 6. O-O Nf6 7. d3 b4 8. Ne2 d5 9. e5 Nfd7 10. f4 g6 11. c3 a5 12. d4 Be7 13. Be3 Ba6 14. Rf2 Bxe2 15. Qxe2 cxd4 16. cxd4 Qb6 17. Rc1 O-O 18. f5 exf5 19. Bxd5 Ra7 20. Nf4 Qa6 21. Qf3 Nb6 22. e6 Nxd5 23. Qxd5 Qd6 24. exf7+ Rxf7 25. Rc8+ Kg7 26. Ne6+ Kf6 27. Bg5# 1-0


[Site "https://www.chess.com"]

[Event "Titled Tuesday Blitz March 22 Late 2022"]
[White "Vasquez Schroeder, Rodrigo"]
[Black "Jones, Gawain C B"]
[WhiteFideId "3400042"]
[BlackFideId "409561"]
[WhiteElo "2561"]
[BlackElo "2657"]
[Result "1-0"]
[Round "08"]
[TimeControl "180+1"]
[Date "2022.03.22"]
[WhiteClock "0:02:34"]
[BlackClock "0:02:29"]

1. e4 e5 2. Nf3 Nc6 3. Bb5 a6 4. Ba4 d6 5. O-O g6 6. Bxc6+ bxc6 7. d4 exd4 8. Qxd4 Qf6 9. e5 dxe5 10. Re1 Bd6 11. Bg5 Qf5 12. Rxe5+ 1-0


[Site "https://www.chess.com"]